Map: Ruins of Seras

Players

LiquidMaNa (MaNa)

  • Race: Protoss Protoss
  • League: Grandmaster

PiLiPiLi - Winner!

  • Race: Protoss Protoss
  • League: Platinum

Event: 2016 WCS Winter Circuit Championship

VOD

Have the link to the VOD?

Description

Time

  • Played on: March 2, 2016, 8:32 a.m.
  • Length: 6:08

All games in this series

Show
View Real Time Build Order
Export as new Build Order

LiquidMaNa Protoss 

Build Orders:  

Get SALT Encoding   

  12  0:00  Probe (Chrono Boost)  
  13  0:11  Probe (Chrono Boost)  
  14  0:18  Pylon  
  14  0:22  Probe (Chrono Boost)  
  15  0:36  Probe (Chrono Boost)  
  15  0:38  Gateway  
  16  0:47  Probe (Chrono Boost), Assimilator  
  17  0:57  Probe (Chrono Boost)  
  17  1:03  Assimilator  
  18  1:08  Probe (Chrono Boost)  
  18  1:10  Gateway  
  20  1:18  Probe (Chrono Boost)  
  20  1:25  Cybernetics Core  
  20  1:29  Probe (Chrono Boost)  
  21  1:35  Pylon  
  21  1:39  Probe (Chrono Boost)  
  22  1:50  Probe (Chrono Boost)  
  23  2:00  Probe (Chrono Boost)  
  24  2:01  Warp Gate (Chrono Boost)  
  24  2:02  Stalker  
  24  2:08  Stalker  
  28  2:15  Pylon  
  30  2:23  Mothership Core (Chrono Boost)  
  30  2:38  Stalker x2  
  30  2:42  Probe  
  35  3:08  Nexus  
  35  3:16  Stalker  
  36  3:24  Stalker  
  38  3:41  Robotics Facility  
  38  3:46  Pylon  
  38  3:56  Probe (Chrono Boost)  
  38  4:01  Pylon  
  39  4:05  Sentry  
  39  4:06  Sentry  
  39  4:08  Probe (Chrono Boost)  
  43  4:18  Probe (Chrono Boost)  
  43  4:20  Probe (Chrono Boost)  
  45  4:29  Probe (Chrono Boost)  
  46  4:37  Immortal  
  47  4:46  Stalker  
  47  4:49  Stalker  
  51  5:00  Pylon  
  51  5:03  Pylon  
  40  5:14  Stalker  
  40  5:15  Stalker  
  28  5:32  Mothership Core (Chrono Boost)  
Show
View Real Time Build Order
Export as new Build Order

PiLiPiLi Protoss - Winner!

Build Orders: Oracle Opening 

Get SALT Encoding   

  12  0:00  Probe (Chrono Boost)  
  13  0:11  Probe (Chrono Boost)  
  14  0:18  Pylon  
  14  0:22  Probe (Chrono Boost)  
  15  0:36  Gateway, Probe (Chrono Boost)  
  16  0:46  Assimilator  
  16  0:47  Probe (Chrono Boost)  
  17  0:53  Assimilator  
  17  0:57  Probe (Chrono Boost)  
  18  1:05  Gateway  
  18  1:08  Probe (Chrono Boost)  
  19  1:19  Probe (Chrono Boost)  
  19  1:23  Cybernetics Core  
  20  1:29  Probe (Chrono Boost)  
  21  1:36  Pylon  
  22  1:40  Probe (Chrono Boost)  
  22  1:51  Probe (Chrono Boost)  
  23  1:59  Adept  
  23  2:00  Adept  
  27  2:01  Warp Gate (Chrono Boost)  
  27  2:12  Pylon  
  27  2:18  Stargate  
  27  2:39  Stalker x2  
  31  2:53  Gateway  
  31  2:54  Pylon  
  31  3:02  Oracle (Chrono Boost)  
  32  3:32  Pylon  
  35  3:34  Oracle (Chrono Boost)  
  33  3:54  Stalker  
  33  3:55  Stalker x2  
  39  3:58  Gateway  
  39  4:02  Pylon  
  39  4:20  Stalker x2  
  43  4:24  Stalker  
  43  4:41  Stalker  
  45  4:47  Stalker  
  45  4:49  Stalker  
  49  5:00  Stalker  
  48  5:16  Stalker x2  
  49  5:28  Stalker  
  37  5:39  Stalker  
  37  5:40  Stalker  
Tags
 
Add a new tag
Caveats
  • Supply blocks, unpowered buildings, or Contaminate may cause inaccurate times.
  • Supply counts are checked every 10 seconds.